 Dungeon Crawl Stone Soup version 0.31-a0-408-gb642c7f9a3 (webtiles) character file.

Game seed: 7510627799331118355

16232 CraigForest the Blocker (level 12, -5/79 HPs)
             Began as a Formicid Gladiator on July 29, 2023.
             Was an Elder of Hepliaklqana.
             Killed by a bolt of energy (23 damage)
             ... invoked by the wrath of Vehumet
             ... on level 12 of the Dungeon.
             The game lasted 01:17:52 (10259 turns).

CraigForest the Blocker (Formicid Gladiator)       Turns: 10259, Time: 01:17:53

Health: -5/79      AC: 17    Str: 18    XL:     12   Next: 67%
Magic:  12/12      EV: 13    Int: 15    God:    Hepliaklqana [****..]
Gold:   822        SH: 27    Dex: 19    Spells: 11/11 levels left

rFire   . . .        y - +9 great sword
rCold   . . .        w - +3 tower shield
rNeg    + . .        Q - +2 steam dragon scales
rPois   .            (helmet unavailable)
rElec   .            H - +1 cloak
rCorr   +            o - +0 pair of gloves
SInv    +            N - +1 pair of boots of the Past {rN+ Int+5}
Will    +....        V - amulet of reflection
Stlth   ++++         k - +4 ring of protection
HPRegen 0.33/turn    O - ring of resist corrosion
MPRegen 0.13/turn

%: reflection
@: no status effects
A: reduced essence, permanent stasis, dig shafts and tunnels, antennae 3, four
strong arms
a: Dig, Shaft Self, Renounce Religion, Recall Ancestor, Ancestor Identity,
Transference, Idealise


You were on level 12 of the Dungeon.
You worshipped Hepliaklqana.
Hepliaklqana was greatly pleased with you.
You visited 2 branches of the dungeon, and saw 13 of its levels.
You also visited: Sewer.

You collected 927 gold pieces.
You spent 105 gold pieces at shops.

Inventory:

Hand Weapons
 a - a +0 scimitar of flaming
 i - the +5 hand axe of the Iron City of Dis {drain, rPois rF+ rC-}
   (You took it off a kobold on level 7 of the Dungeon)

   rF:        It protects you from fire.
   rC:        It makes you vulnerable to cold.
   rPois:     It protects you from poison.
 s - a +4 dagger of speed
 t - the +9 spear "X" {freeze, +Blink rC+ Will+}
   (You found it on level 2 of the Dungeon)

   rC:        It protects you from cold.
   +Blink:    It lets you blink.
   Will:      It increases your willpower.
 y - a +9 great sword (weapon)
 D - a +2 war axe of flaming
 X - a +3 battleaxe
Missiles
 c - 3 throwing nets
 d - a javelin
 p - 4 darts of dispersal
 u - 6 boomerangs (quivered)
 C - 21 poisoned darts
Armour
 o - a +0 pair of gloves (worn)
 w - a +3 tower shield (worn)
 H - a +1 cloak (worn)
 L - a scarf of invisibility
 N - the +1 pair of boots of the Past (worn) {rN+ Int+5}
   (You found it on level 6 of the Dungeon)

   Int:       It affects your intelligence (+5).
   rN:        It protects you from negative energy.
 Q - +2 steam dragon scales (worn)
 R - a +0 troll leather armour
Jewellery
 k - a +4 ring of protection (left hand)
 l - an amulet of faith
 B - the amulet of Elemental Vulnerability {rPois rF-- rC-- AC+8}
   (You found it on level 4 of the Dungeon)

   [amulet of nothing]

   AC:        It affects your AC (+8).
   rF:        It makes you very vulnerable to fire.
   rC:        It makes you very vulnerable to cold.
   rPois:     It protects you from poison.
 K - a ring of fire
 O - a ring of resist corrosion (right hand)
 S - a +6 ring of intelligence
 V - an amulet of reflection (around neck)
Talismans
 b - a beast talisman
 n - a blade talisman
Wands
 q - a wand of paralysis (10)
 E - a wand of roots (10)
 G - a wand of light (25)
 P - a wand of flame (27)
Scrolls
 e - a scroll of immolation
 f - a scroll of revelation
 m - 3 scrolls of teleportation
 r - a scroll of poison
 J - 2 scrolls of silence
 W - a scroll of enchant weapon
Potions
 g - 2 potions of ambrosia
 h - 4 potions of attraction
 j - 9 potions of curing
 v - 3 potions of haste
 x - 3 potions of lignification
 z - 9 potions of enlightenment
 A - a potion of resistance
 F - a potion of heal wounds
 I - a potion of invisibility
 M - a potion of might
 T - a potion of mutation
 U - a potion of magic


   Skills:
 + Level 6.3 Fighting
 * Level 11.2 Long Blades
 - Level 7.0 Polearms
 + Level 2.2 Throwing
 + Level 3.5 Armour
 + Level 5.7 Dodging
 + Level 8.2 Stealth
 * Level 13.9 Shields


You had 11 spell levels left.
You didn't know any spells.
Your spell library contained the following spells:

 Spells                   Type           Power      Damage    Failure   Level
 Slow                     Hex            0%         N/A       65%         1
 Summon Small Mammal      Summ           0%         N/A       65%         1
 Ensorcelled Hibernation  Hex/Ice        0%         N/A       80%         2
 Call Canine Familiar     Summ           0%         N/A       95%         3
 Confusing Touch          Hex            0%         N/A       95%         3
 Ozocubu's Armour         Ice            0%         N/A       95%         3
 Summon Guardian Golem    Hex/Summ       0%         N/A       95%         3
 Vampiric Draining        Necr           0%         2d6       95%         3
 Anguish                  Hex/Necr       0%         N/A       100%        4
 Fireball                 Conj/Fire      0%         3d3       100%        5
 Iskenderun's Battlesphe  Conj           0%         2d6       100%        5
 Metabolic Englaciation   Hex/Ice        0%         N/A       100%        5
 Conjure Ball Lightning   Conj/Air       0%         3x3d6     100%        6
 Simulacrum               Ice/Necr       0%         N/A       100%        6
 Orb of Destruction       Conj           0%         9d5       100%        7


Dungeon Overview and Level Annotations

Branches:
Dungeon (12/15)            Temple (1/1) D:5            Lair (0/5) D:10
    Orc (0/2) D:12          Sewer (visited)

Altars:
Ashenzari
Cheibriados
Dithmenos
Elyvilon
Fedhas
Gozag
Hepliaklqana
Kikubaaqudgha
Makhleb
Nemelex Xobeh
Okawaru
Qazlal
Ru
Sif Muna
Trog
Uskayaw
Vehumet
Wu Jian
Xom
Yredelemnul
Zin
The Shining One

Shops:
D:3 (   D:4 *


Innate Abilities, Weirdness & Mutations

Your life essence is reduced to manifest your ancestor. (-10% HP)
You cannot be hasted, slowed, berserked, paralysed or teleported.
You can dig through walls and to a lower floor.
You have a pair of large antennae on your head. (SInv)
Your four strong arms can wield two-handed weapons with a shield.


Message History

You block the komodo dragon's attack.
You closely miss the wraith.
The wraith is almost destroyed.
You block the wraith's attack. The komodo dragon barely misses you.
You barely miss the komodo dragon. You block the wraith's attack.
The komodo dragon bites you!
* * * LOW HITPOINT WARNING * * *
The wraith closely misses you. You block the komodo dragon's attack.
You slash the wraith!
You destroy the wraith!
You block the komodo dragon's attack.
You slice the komodo dragon!!
The komodo dragon is severely wounded.
You block the komodo dragon's attack.
You slice the komodo dragon!!
You kill the komodo dragon!
Things that are here:
a +4 dagger of speed; a +1 robe of resistance; the human corpse of Josephine You slice the slime creature!!
The slime creature is heavily wounded.
You block the slime creature's attack.
You slice the slime creature!!
The slime creature is almost dead.
You block the slime creature's attack.
The slime creature hits you but does no damage.
You slice the slime creature!!
You kill the slime creature!
s - a +4 dagger of speed Thabo emerges from the mists of memory!
There is an open door here.
Things that are here:
a +0 falchion; a +0 flail; an orc corpse Your hearing returns.
Things that are here:
a +0 war axe; a +0 leather armour; an orc corpse
Found 17 gold pieces.
You feel a little less mighty now.
Vehumet rains destruction down upon you!
The bolt of energy hits you!!
You die...

#.......####..........##..#
#...)).)))...###.####)##..#
#........))..# #.# #.##..#
#.......).)..# #.# #)##..#
####.......###..# #.# #)##..#
.............#..# #.# #.##..#
........#'#.....# #.####.....##
#####..⌠#+#⌠.R..###..........<.
#.### ###.@..............## #.
+........##...##.# #.
#......!.##...##.# #
.....#...##...##.# ......#
..##...##.# .....$.# .##...##.#
#.###...# # #.# #. #...#


You could see the friendly Thabo the battlemage and the wrath of Vehumet
(unaware).

Vanquished Creatures
  Josephine (D:12)
  Erica (D:8)
  2 two-headed ogres
  Pikel (D:6)
  An orc knight (D:12)
  A manticore (D:12)
  A cyclops (D:11)
  Maggie (D:7)
  A komodo dragon (shapeshifter) (D:12)
  An unseen horror (D:9)
  A kobold demonologist (D:10)
  2 trolls
  A hornet (D:9)
  2 slime creatures (D:12)
  10 yaks (D:10)
  5 wraiths (D:12)
  A wyvern (D:11)
  A shadow (D:12)
  2 acid dragons
  A water moccasin (D:9)
  6 orc warriors
  Duvessa (D:5)
  A sky beast (D:6)
  An ice beast (D:5)
  A black bear (D:7)
  An ogre (D:4)
  4 centaurs
  A phantom (D:5)
  A kobold brigand (D:6)
  2 scorpions (D:6)
  A gnoll sergeant (D:7)
  Dowan (D:5)
  4 wights (D:7)
  2 jellies
  12 killer bees
  3 howler monkeys
  3 hounds
  6 orc priests
  A sleepcap (D:5)
  Jessica (D:2)
  3 iguanas
  9 orc wizards
  10 adders
  7 river rats
  2 ufetubi (D:4)
  6 worms
  4 dart slugs
  39 orcs
  11 bats
  10 endoplasms
  4 giant cockroaches
  10 goblins
  7 hobgoblins
  8 jackals
  A quokka (D:1)
  7 ball pythons
  6 frilled lizards
  14 kobolds
  2 rats (D:1)
250 creatures vanquished.

Vanquished Creatures (collateral kills)
  A two-headed ogre (D:9)
  A gargoyle (D:10)
  A troll (D:9)
  A slime creature (D:12)
  A wraith (D:12)
  6 yaks (D:10)
  2 wyverns
  A water moccasin (D:6)
  An ogre (D:6)
  3 orc warriors
  A sky beast (D:8)
  2 centaurs
  A kobold brigand (D:7)
  A bullfrog (D:9)
  A wight (D:7)
  3 killer bees
  2 orc priests (D:12)
  A sleepcap (D:6)
  6 orc wizards
  3 white imps (D:6)
  An ufetubus (D:7)
  34 orcs
  2 kobolds (D:7)
76 creatures vanquished.

Vanquished Creatures (others)
  A chaos spawn (Temple)
  3 battlemagi
4 creatures vanquished.

Grand Total: 330 creatures vanquished

Notes
Turn   | Place    | Note
-------+----------+-------------------------------------------
     0 | D:1      | CraigForest the Formicid Gladiator began the quest for the
                  | Orb.
     0 | D:1      | Reached XP level 1. HP: 16/16 MP: 1/1
    79 | D:1      | Reached XP level 2. HP: 22/22 MP: 2/2
   205 | D:1      | Reached XP level 3. HP: 27/28 MP: 3/3
   312 | D:1      | Found a faded altar of an unknown god.
   322 | D:1      | Prayed at the altar of an unknown god.
   322 | D:1      | Became a worshipper of Vehumet
   322 | D:1      | Reached * piety under Vehumet
   322 | D:1      | Offered knowledge of Foxfire by Vehumet.
   860 | D:2      | Reached XP level 4. HP: 32/34 MP: 4/4
   996 | D:2      | Identified the +9 spear "X" {freeze, +Blink rC+ Will+}
  1058 | D:2      | Reached skill level 1 in Armour
  1135 | D:2      | Noticed Jessica
  1138 | D:2      | Killed Jessica
  1409 | D:3      | Reached ** piety under Vehumet
  1410 | D:3      | Reached XP level 5. HP: 40/40 MP: 5/5
  1436 | D:3      | Offered knowledge of Searing Ray by Vehumet.
  1506 | D:3      | Reached skill level 1 in Polearms
  1532 | D:3      | Reached skill level 1 in Stealth
  1587 | D:3      | Reached skill level 1 in Shields
  1762 | D:3      | Found Weng's Weapon Shoppe.
  2173 | D:4      | Noticed an ogre
  2176 | D:4      | Killed an ogre
  2177 | D:4      | Reached skill level 2 in Shields
  2177 | D:4      | Reached XP level 6. HP: 47/47 MP: 6/6
  2235 | D:4      | Offered knowledge of Volatile Blastmotes by Vehumet.
  2312 | D:4      | Found Pyhiriax's General Store.
  2596 | D:4      | Found the amulet of Elemental Vulnerability {rPois rF--
                  | rC-- AC+8}
  3010 | D:5      | Entered Level 5 of the Dungeon
  3078 | D:5      | Reached skill level 3 in Shields
  3078 | D:5      | Reached XP level 7. HP: 48/52 MP: 7/7
  3105 | D:5      | Found a staircase to the Ecumenical Temple.
  3118 | Temple   | Entered the Ecumenical Temple
  3118 | Temple   | Noticed a Hell Sentinel
  3118 | Temple   | Noticed a ynoxinul
  3119 | Temple   | Noticed a Brimstone Fiend
  3119 | Temple   | Noticed Tuoklym the pandemonium lord
  3119 | Temple   | Noticed Muiwin the pandemonium lord
  3120 | Temple   | Noticed a neqoxec
  3120 | Temple   | Noticed an ice devil
  3120 | Temple   | Noticed a soul eater
  3123 | Temple   | Noticed Atauquto the pandemonium lord
  3124 | Temple   | Noticed a sun demon
  3145 | Temple   | Noticed an ice devil
  3146 | Temple   | Noticed Ijoza the pandemonium lord
  3156 | Temple   | Noticed a chaos spawn
  3156 | Temple   | Noticed Ywocod the pandemonium lord
  3159 | Temple   | Noticed a hell beast
  3161 | Temple   | Killed a chaos spawn
  3169 | Temple   | Noticed a lorocyproca
  3174 | Temple   | Noticed Fesa the pandemonium lord
  3174 | Temple   | Noticed a hellwing
  3201 | Temple   | Fell from the grace of Vehumet
  3201 | Temple   | Became a worshipper of Hepliaklqana the Forgotten
  3355 | D:5      | Reached skill level 4 in Shields
  3511 | D:5      | Found a shimmering blue altar of Sif Muna.
  3554 | D:5      | Reached XP level 8. HP: 54/59 MP: 8/8
  3563 | D:5      | Noticed Duvessa
  3564 | D:5      | Noticed Dowan
  3570 | D:5      | Killed Duvessa
  3579 | D:5      | Reached skill level 5 in Shields
  3585 | D:5      | Killed Dowan
  3636 | D:5      | Found a glowing drain.
  3656 | Sewer    | Entered a sewer
  4272 | D:5      | Reached * piety under Hepliaklqana
  4604 | D:6      | Reached skill level 6 in Shields
  4714 | D:6      | Reached skill level 7 in Shields
  4714 | D:6      | Reached XP level 9. HP: 50/58 MP: 9/9
  4865 | D:6      | Reached skill level 5 in Stealth
  4936 | D:6      | Reached skill level 5 in Polearms
  5016 | D:6      | Identified the +1 pair of boots of the Past {rN+ Int+5}
  5138 | D:6      | Noticed Pikel
  5151 | D:6      | Killed Pikel
  5152 | D:6      | Reached skill level 8 in Shields
  5192 | D:6      | Reached ** piety under Hepliaklqana
  5193 | D:6      | Remembered your ancestor Thabo as a battlemage
  5472 | D:7      | Noticed Maggie
  5482 | D:7      | Killed Maggie
  5670 | D:7      | Found a basalt altar of Yredelemnul.
  5816 | D:7      | Reached XP level 10. HP: 56/65 MP: 10/10
  5943 | D:7      | Reached skill level 9 in Shields
  5998 | D:7      | Reached skill level 5 in Fighting
  6027 | D:7      | Identified the +5 hand axe of the Iron City of Dis {drain,
                  | rPois rF+ rC-}
  6480 | D:8      | Reached skill level 10 in Shields
  6537 | D:8      | Reached *** piety under Hepliaklqana
  6651 | D:8      | Reached skill level 5 in Long Blades
  6675 | D:8      | Noticed Erica
  6683 | D:8      | Killed Erica
  6711 | D:8      | Noticed a two-headed ogre
  6717 | D:8      | Killed a two-headed ogre
  7458 | D:9      | Noticed an unseen horror
  7464 | D:9      | Killed an unseen horror
  7465 | D:9      | Reached XP level 11. HP: 72/72 MP: 11/11
  7557 | D:9      | Found an opulent altar of Gozag.
  7557 | D:9      | Found a shimmering altar of Xom.
  7656 | D:9      | Reached skill level 5 in Dodging
  7680 | D:9      | Reached skill level 11 in Shields
  7834 | D:9      | HP: 2/72 [divine wrath (29)]
  7945 | D:9      | Noticed a two-headed ogre
  7950 | D:9      | Killed a two-headed ogre
  8225 | D:10     | Entered Level 10 of the Dungeon
  8349 | D:10     | Reached skill level 12 in Shields
  8389 | D:10     | Reached **** piety under Hepliaklqana
  8403 | D:10     | Found a staircase to the Lair.
  8614 | D:10     | Noticed a two-headed ogre
  8625 | D:10     | Killed a two-headed ogre
  8629 | D:10     | Reached XP level 12. HP: 36/78 MP: 12/12
  8942 | D:10     | Reached skill level 10 in Long Blades
  9205 | D:11     | Reached skill level 13 in Shields
  9375 | D:11     | Identified the +8 chain mail of Prudence {rElec Dex-5
                  | Slay+3}
  9814 | D:4      | Bought a scroll of enchant weapon for 105 gold pieces
 10168 | D:12     | Found a staircase to the Orcish Mines.
 10195 | D:12     | Noticed Josephine
 10226 | D:12     | Killed Josephine
 10259 | D:12     | Killed by a bolt of energy

Illustrated notes

Levels and vault maps discovered:
D:1:      saegor_arrival_simple_d, layout_loops_ring,
          ebering_ecumenical_altar_mist
D:2:      cheibrodos_greedy_goblins, layout_basic, minmay_domino_4, uniq_jessica
D:3:      layout_rooms, serial_shops, nicolae_shop_bloodbath_and_beyond,
          minmay_door_square, wander_ebering_terrifying_dragon_lair
D:4:      layout_basic, serial_shops, shop, nicolae_twisty_statue_hallways
D:5:      dreamdust_elfheim, layout_basic, mainiacjoe_overflow_boulevard,
          minmay_temple_entry_trees, serial_curves, eino_curves_03,
          eino_curves_03, eino_curves_04, eino_curves_04, portal_sewer_entry_b
D:6:      layout_gridville, amcnicky_mini_corridor_feature, uniq_pikel
D:7:      layout_loops_ring, mainiacjoe_overflow_cross_hatched,
          minmay_starry_boxes, uniq_maggie
D:8:      layout_cave_pods, lemuel_flamethrower_2, uniq_erica
D:9:      layout_roguey [special_room_orc], grunt_temple_overflow_open,
          kennysheep_diamond, grunt_decor_cap
D:10:     layout_long_grid, lair_entry_dummy, kennysheep_generic_room_4
D:11:     layout_loops_ring
D:12:     layout_long_grid, david_orc_5, serial_shops,
          nicolae_shop_real_fake_doors, blue_anna_alchemist, uniq_josephine
Temple:   nicolae_temple_panitentiary

Skill      XL: |  1  2  3  4  5  6  7  8  9 10 11 12 |
---------------+-------------------------------------+-----
Dodging        | 3 4 5 |  5.7
Armour         | 1 2 3 |  3.5
Polearms       | 2 3 4 6 7 |  7.0
Stealth        | 1 2 3 4 6 7 8 |  8.2
Shields        | 2 3 4 7 8 10 12 13 | 13.9
Fighting       | 3 4 5 6 |  6.3
Long Blades    | 6 9 11 | 11.2
Throwing       | |  2.2

Action                     |  1- 3 |  4- 6 |  7- 9 | 10-12 || total
---------------------------+-------+-------+-------+-------++-------
  Melee: Long sword        |    74 |    23 |       |       ||    97
         Spear             |       |   110 |   211 |     2 ||   323
         Great sword       |       |       |       |   267 ||   267
  Throw: Boomerang         |       |       |     1 |     5 ||     6
 Invoke: Ancestor Identity |       |       |     1 |       ||     1
         Ancestor Life: Ba |       |       |     1 |       ||     1
    Use: Scroll            |       |     6 |     5 |    23 ||    34
         Potion            |       |       |       |     7 ||     7
   Stab: Sleeping          |       |    10 |    15 |     6 ||    31
         Distracted        |       |       |     1 |     7 ||     8
 Armour: Leather armour    |    38 |    39 |    68 |       ||   145
         Steam dragon scal |       |       |     1 |   119 ||   120
  Dodge: Dodged            |    57 |    66 |    42 |   111 ||   276
  Block: Tower shield      |       |    44 |   110 |   404 ||   558
         Reflection        |       |       |       |     2 ||     2

Table legend: (Time is in decaauts)
 A = Elapsed time spent in this place.
 B = Non-inter-level travel time spent in this place.
 C = Inter-level travel time spent in this place.
 D = Time resting spent in this place.
 E = Time spent auto-exploring this place.
 F = Levels seen in this place.
 G = Mean time per level.
                   A        B        C        D        E       F      G
               +--------+--------+--------+--------+--------+-----+--------+
         Total |  10640 |   8014 |   2626 |      0 |   5235 |  14 |  760.0 |
       Dungeon |   9913 |   7287 |   2626 |      0 |   5100 |  12 |  826.1 |
        Temple |    101 |    101 |      0 |      0 |      0 |   1 |  101.0 |
         Sewer |    625 |    625 |      0 |      0 |    134 |   1 |  625.0 |
               +--------+--------+--------+--------+--------+-----+--------+

Top non-repeatable levels by time:
     D:4: 1140 daAuts
     D:8: 1101 daAuts
     D:5: 1059 daAuts
     D:7: 1053 daAuts
     D:6: 1004 daAuts
     D:9: 901 daAuts
    D:10: 891 daAuts
     D:1: 778 daAuts
     D:2: 635 daAuts
    D:11: 627 daAuts
   Sewer: 625 daAuts
     D:3: 526 daAuts
    D:12: 193 daAuts
  Temple: 101 daAuts
